 Dungeon Crawl Stone Soup version 0.26.1-2-gb8aa6d0cf2 (webtiles) character file.

Game seed: 1176305869824844617

234 Gabide the Cudgeller (level 6, -5/38 HPs)
             Began as a Gargoyle Monk on Feb 27, 2021.
             Killed by divine providence
             ... invoked by an orc priest
              (14 damage)
             ... on level 4 of the Dungeon.
             The game lasted 00:06:29 (3431 turns).

Gabide the Cudgeller (Gargoyle Monk)                Turns: 3431, Time: 00:06:30

Health: -5/38      AC: 11    Str: 15    XL:     6   Next: 5%
Magic:  6/6        EV: 12    Int: 11    God:
Gold:   145        SH:  0    Dex: 13    Spells: 5/5 levels left

rFire    . . .     SeeInvis .   l - +0 flail (holy)
rCold    . . .     Faith    .   (no shield)
rNeg     + . .     Spirit   .   g - +2 ring mail
rPois    ∞         Reflect  .   (no helmet)
rElec    +         Harm     .   (no cloak)
rCorr    .         Rampage  .   (no gloves)
Will     .....                  (no boots)
Stlth    +.........             (no amulet)
HPRegen  0.12/turn              (no ring)
MPRegen  0.10/turn              (no ring)

@: no status effects
A: negative energy resistance 1, electricity resistance, unbreathing,
petrification resistance, miasma immunity, AC +4
a: no special abilities


You were on level 4 of the Dungeon.
You visited 1 branch of the dungeon, and saw 4 of its levels.

You collected 145 gold pieces.

Inventory:

Hand Weapons
 l - a +0 flail of holy wrath (weapon)
Missiles
 c - 4 javelins (quivered)
Armour
 g - a +2 ring mail (worn)
 i - a +0 plate armour
Scrolls
 a - 3 scrolls of amnesia
 d - 3 scrolls of teleportation
 f - a scroll of fear
 k - 2 scrolls of identify
 m - a scroll of blinking {unknown}
Potions
 b - a potion of invisibility {unknown}
 e - a potion of brilliance
 h - 2 potions of curing {unknown}
 j - a potion of haste {unknown}


   Skills:
 + Level 4.1 Fighting
 * Level 5.3 Maces & Flails
 + Level 1.0 Throwing
 + Level 0.9 Armour
 + Level 3.0 Dodging
 - Level 2.1 Stealth


You had 5 spell levels left.
You didn't know any spells.
Your spell library was empty.

Dungeon Overview and Level Annotations

Branches:
Dungeon (4/15)
 Temple: D:4-7

Altars:
Makhleb
Trog
Xom


Innate Abilities, Weirdness & Mutations

You are resistant to torment.
Your stone body is resilient. (AC +4)
You are immune to poison.
You resist negative energy. (rN+)
You are resistant to electric shocks. (rElec)
You can survive without breathing.
You are immune to petrification.
You are immune to miasma.


Message History

You throw a javelin. The javelin closely misses the orc.
The orc priest hits you from afar with a +0 trident.
Throw: 5 javelins
Press: ? - help, Q - select action Shift-Dir - straight line, f/p - orc
Aim: an orc (heavily wounded, 59% to hit)
You throw a javelin. The javelin pierces through the orc!
You kill the orc!
Something hits you but does no damage.
The orc priest hits you from afar with a +0 trident.
Something hits you but does no damage.
The orc priest hits you from afar with a +0 trident.
* * * LOW HITPOINT WARNING * * *
Something hits you but does no damage.
You barely miss something. Something hits you but does no damage.
The orc priest hits you but does no damage.
Something hits you but does no damage.
You miss something. Something hits you but does no damage.
The orc priest invokes the aid of Beogh against you.
Beogh smites you!
You die...

#.......#.#
#.###.#.#.###
######.###.#.....#
#(..##...#.#######
#...####.#........ #...
#.#.......# #.o
#.#.......# #.#
#.#.......#
######@######.#.......#
#.............#........
#.####.###....#........
#.# #..['............#
#.########....###+#>...
#..........†..###.#.##.
#########.##......#....
#.##......##...
#.##......#...#


You could see an orc priest.

Vanquished Creatures
  A crimson imp (D:3)
  An orc wizard (D:3)
  Terence (D:3)
  6 adders
  A worm (D:2)
  2 dart slugs
  3 leopard geckos
  7 orcs
  2 ball pythons
  5 giant cockroaches
  2 goblins
  6 hobgoblins
  8 jackals
  2 quokkas
  8 bats
  5 frilled lizards
  8 kobolds
  A quokka skeleton (D:4)
  4 rats
73 creatures vanquished.

Notes
Turn   | Place    | Note
-------+----------+-------------------------------------------
     0 | D:1      | Gabide the Gargoyle Monk began the quest for the Orb.
     0 | D:1      | Reached XP level 1. HP: 14/14 MP: 1/1
   319 | D:1      | Reached XP level 2. HP: 19/19 MP: 2/2
  1597 | D:2      | Reached XP level 3. HP: 22/23 MP: 3/3
  1711 | D:2      | Reached skill level 4 in Maces & Flails
  1736 | D:2      | Reached XP level 4. HP: 23/29 MP: 4/4
  2398 | D:3      | Noticed Terence
  2409 | D:3      | Killed Terence
  2481 | D:3      | Reached XP level 5. HP: 32/33 MP: 5/5
  2733 | D:3      | Reached skill level 5 in Maces & Flails
  2998 | D:3      | Found a shimmering altar of Xom.
  2998 | D:3      | Found a burning altar of Makhleb.
  3009 | D:3      | Reached skill level 1 in Throwing
  3183 | D:4      | Reached XP level 6. HP: 37/38 MP: 6/6
  3247 | D:4      | Found a bloodstained altar of Trog.
  3431 | D:4      | Killed from afar by an orc priest

Illustrated notes

Levels and vault maps discovered:
D:1:      dpeg_arrival_yet_another_circle, layout_basic, chequers_jeans,
          amethyst_killhole, minmay_misc_feat_ornament
D:2:      layout_basic, serial_rivers, chequers_serial_rivers_micro_b,
          chequers_serial_rivers_micro_a, chequers_serial_rivers_micro_d,
          chequers_serial_rivers_room_b, chequers_serial_rivers_micro_e
D:3:      layout_basic, grunt_temple_overflow_champion_of_chaos, uniq_terence
D:4:      layout_basic, minmay_temple_entry_poolview, trog_three_pillars_becter

Skill      XL: |  1  2  3  4  5 |
---------------+----------------+-----
Maces & Flails | 4 5 |  5.3
Dodging        | 3 |  3.0
Fighting       | 4 |  4.1
Throwing       | 1 |  1.0
Armour         | |  0.9
Stealth        | |  2.1

Action                   |  1- 3 |  4- 6 || total
-------------------------+-------+-------++-------
Melee: Mace              |    87 |    54 ||   141
       Flail             |       |    94 ||    94
Throw: Javelin           |    19 |     6 ||    25
  Use: Scroll            |     3 |     9 ||    12
       Potion            |       |     3 ||     3
 Stab: Sleeping          |     2 |       ||     2
       Invisible         |       |     1 ||     1
Armor: Robe              |    37 |     4 ||    41
       Ring mail         |       |    81 ||    81
Dodge: Dodged            |    69 |   104 ||   173
